 Dungeon Crawl Stone Soup version 0.26-a0-651-gb41185065b (webtiles) character file.

Game seed: 5747547474234989996

31297 Ozzies the Fighter (level 13, -2/91 HPs)
             Began as a Gargoyle Fighter on Oct 14, 2020.
             Was the Champion of Okawaru.
             Splashed by an oklob plant's acid (6 damage)
             ... on level 2 of the Lair of Beasts.
             The game lasted 00:25:08 (14626 turns).

Ozzies the Fighter (Gargoyle Fighter)              Turns: 14626, Time: 00:25:08

Health: -2/91      AC: 16    Str: 26    XL:     13   Next: 57%
Magic:  19/19      EV:  8    Int:  8    God:    Okawaru [******]
Gold:   807        SH: 12    Dex:  9    Spells: 12/12 levels left

rFire    . . .     SeeInvis .   G - +7 Singing Sword {vorpal, sonic wave}
rCold    . . .     Faith    +   c - +0 kite shield
rNeg     + . .     Spirit   .   K - +0 plate armour
rPois    ∞         Reflect  .   Z - +0 hat of Vlad {Rampage rCorr} (curse)
rElec    +         Harm     .   y - +0 cloak
rCorr    +         Rampage  +   Y - +0 pair of gloves
MR       +....                  g - +0 pair of boots
Stlth    ..........             N - amulet of faith
HPRegen  0.25/turn              i - +4 ring of slaying
MPRegen  0.16/turn              z - ring of protection from magic

@: corroded
A: negative energy resistance 1, electricity resistance, unbreathing,
petrification resistance, rot immunity, AC +9
a: Heroism, Finesse, Renounce Religion


You were on level 2 of the Lair of Beasts.
You worshipped Okawaru.
Okawaru was exalted by your worship.
You visited 2 branches of the dungeon, and saw 15 of its levels.
You visited 1 bazaar.

You collected 1425 gold pieces.
You spent 618 gold pieces at shops.

Inventory:

Hand Weapons
 w - a +4 flail of protection
 G - the +7 Singing Sword (weapon) {vorpal, sonic wave}
   (You found it on level 5 of the Dungeon)

   It inflicts extra damage upon your enemies.
Armour
 c - a +0 kite shield (worn)
 g - a +0 pair of boots (worn)
 y - a +0 cloak (worn)
 K - a +0 plate armour (worn)
 Y - a +0 pair of gloves (worn)
 Z - the cursed +0 hat of Vlad (worn) {Rampage rCorr}
   (You bought it in a shop in a bazaar)

   It provides partial protection from all sources of acid and corrosion.
   It bestows one free step when moving towards enemies.
   It has a curse placed upon it.
Jewellery
 a - an uncursed ring of ice
 b - an uncursed amulet of the acrobat {unknown}
 i - a +4 ring of slaying (left hand)
 o - an uncursed ring of see invisible
 p - an uncursed amulet of guardian spirit
 s - an uncursed ring of positive energy
 x - an uncursed ring of flight
 z - a ring of protection from magic (right hand)
 A - an uncursed ring of protection from fire
 N - an amulet of faith (around neck)
Wands
 e - a wand of disintegration (17)
 t - a wand of enslavement (5)
 F - a wand of paralysis (14)
 I - a wand of acid (14)
Scrolls
 f - 7 scrolls of remove curse {@r2}
 k - 8 scrolls of teleportation {@r3 !r}
 l - a scroll of magic mapping {@r5 !r}
 m - 5 scrolls of fog {!r}
 q - a scroll of identify {@r1}
 v - a scroll of fear {!r}
 E - 6 scrolls of enchant weapon
 H - a scroll of enchant armour
 U - a scroll of holy word
 W - a scroll of blinking {@r4}
Potions
 d - 3 potions of might {@q3 !q}
 h - 2 potions of cancellation
 j - 4 potions of haste {@q4 !q}
 n - 8 potions of curing
 u - a potion of magic {unknown}
 B - 4 potions of ambrosia {unknown}
 C - 2 potions of berserk rage {unknown}
 D - a potion of brilliance {unknown}
 J - 2 potions of lignification {unknown}
 L - a potion of heal wounds {unknown}
 O - a potion of flight {unknown}
 Q - 2 potions of stabbing {unknown}
 S - 2 potions of mutation {unknown}
 T - 2 potions of resistance {unknown}
Miscellaneous
 X - a lightning rod (4/4)


   Skills:
 * Level 14.6 Fighting
 - Level 3.0 Long Blades
 + Level 9.3 Maces & Flails
 + Level 9.7 Armour
 - Level 5.0 Dodging
 + Level 9.8 Shields
 * Level 9.3 Invocations


You had 12 spell levels left.
You didn't know any spells.
Your spell library contained the following spells:

 Spells                   Type           Power        Failure   Level
 Foxfire                  Conj/Fire      #...         100%        1
 Magic Dart               Conj           #...         100%        1
 Sandblast                Erth           #.....       100%        1
 Blink                    Tloc           N/A          100%        2
 Call Imp                 Summ           #.......     100%        2
 Corpse Rot               Necr/Air       N/A          100%        2
 Passwall                 Tmut/Erth      #.......     100%        2
 Poisonous Vapours        Pois/Air       #.....       100%        2
 Slow                     Hex            #.......     100%        2
 Confusing Touch          Hex            #.......     100%        3
 Conjure Flame            Conj/Fire      #.......     100%        3
 Gell's Gravitas          Tloc           #.........   100%        3
 Mephitic Cloud           Conj/Pois/Air  #.......     100%        3
 Stone Arrow              Conj/Erth      #.....       100%        3
 Airstrike                Air            #.........   100%        4
 Petrify                  Tmut/Erth      #.......     100%        4
 Lee's Rapid Deconstruct  Erth           #.........   100%        5
 Metabolic Englaciation   Hex/Ice        #.........   100%        5
 Yara's Violent Unravell  Hex/Tmut       #.........   100%        5
 Spellforged Servitor     Conj/Summ      #.........   100%        7


Dungeon Overview and Level Annotations

Branches:
Dungeon (13/15)            Temple (0/1) D:7            Lair (2/6) D:11
    Orc (0/2) D:9          Vaults (0/5) D:13
  Swamp: Lair:2-4    Shoals: Lair:2-4     Snake: Lair:2-4    Spider: Lair:2-4

Altars:
Dithmenos
Fedhas
Gozag
Okawaru
Ru
Sif Muna
Trog
Wu Jian
Xom
Zin

Shops:
D:6 =   D:7 ?   D:13 *:

Portals:
Trove: D:11 (give 2 scrolls of acquirement)

Annotations:
Lair:2 exclusion: 2 oklob plants


Innate Abilities, Weirdness & Mutations

You are resistant to torment.
Your stone body is resilient. (AC +9)
You are immune to poison.
You resist negative energy. (rN+)
You are resistant to electric shocks. (rElec)
You can survive without breathing.
You are immune to petrification.
You are immune to rotting.


Message History

The blink frog is heavily wounded.
The bullfrog is severely wounded.
The oklob plant is heavily damaged. x3
You kill the bullfrog!
Okawaru accepts your kill.
The oklob plant is lightly damaged.
The plant begins to die.
The plant is lightly damaged.
The plant is moderately damaged.
You hear a roar!
You hear a bellow!
You hear a loud, deep croak!
You hear a bellow!
You hear an angry hiss.
You hear a bellow! x2
The bullfrog releases a deep croak.
You slice the plant!!
The plant is heavily damaged.
The blink frog blinks!
You slash the plant!
The plant is heavily damaged.
A nearby plant withers and dies. x4
You rampage towards the oklob plant!
A nearby plant withers and dies. x2
The bullfrog hits you.
You see here a battleaxe.
You slash the bullfrog!
The Singing Sword says, "I want to see you dance on the blood-dimmed tide."
You send a blast of sound all around you.
The blink frog and the oklob plants are blasted.
You kill the blink frog!
Okawaru accepts your kill.
The oklob plant is almost destroyed. x2
The oklob plant is heavily damaged.
The oklob plant is moderately damaged.
You kill the bullfrog!
Okawaru accepts your kill. The oklob plant spits acid at you.
The splash of acid hits you. You resist.
You are splashed with acid.
You resist. The oklob plant spits acid at you.
The splash of acid hits you but does no damage.
You are splashed with acid.
You resist.
You rampage towards the oklob plant!
The oklob plant spits acid at you.
The splash of acid hits you but does no damage.
The acid corrodes you!
You are splashed with acid.
You resist.
You see here a halberd.
You completely miss the oklob plant.
The oklob plant is almost destroyed.
The oklob plant spits acid at you.
The splash of acid hits you but does no damage.
You are splashed with acid.
You resist. The oklob plant spits acid at you.
The splash of acid hits you but does no damage.
You are splashed with acid.
You resist.
You hit the oklob plant.
You destroy the oklob plant!
Okawaru accepts your kill. The oklob plant spits acid at you.
The splash of acid hits you. You resist. The acid corrodes you!
You are splashed with acid.
You resist. The oklob plant spits acid at you. The splash of acid hits you.
You resist.
You are splashed with acid.
You resist.
You hit the oklob plant but do no damage.
The oklob plant is almost destroyed.
The oklob plant spits acid at you. The splash of acid hits you. You resist.
You are splashed with acid.
You resist. The oklob plant spits acid at you. The splash of acid hits you.
You resist. The acid corrodes you!
You are splashed with acid!
You resist.
* * * LOW HITPOINT WARNING * * *
You hit the oklob plant.
The oklob plant is almost destroyed.
The oklob plant spits acid at you.
The splash of acid hits you but does no damage.
You are splashed with acid!
You resist.
* * * LOW HITPOINT WARNING * * *
You slice the oklob plant!!
The Singing Sword gives off a sizzling sound.
You send a blast of sound all around you.
The oklob plants are blasted.
The oklob plant is severely damaged.
The oklob plant is moderately damaged.
You destroy the oklob plant!
Okawaru accepts your kill. Something appears at your feet!
Okawaru grants you a weapon!
You hear a roar!
Press: ? - help, v - describe, . - travel A rock wall.
You hit the oklob plant.
The oklob plant is almost destroyed.
The oklob plant spits acid at you. The splash of acid hits you. You resist.
* * * LOW HITPOINT WARNING * * *
You are splashed with acid.
You resist.
* * * LOW HITPOINT WARNING * * *
The oklob plant spits acid at you. The splash of acid hits you. You resist.
* * * LOW HITPOINT WARNING * * *
You are splashed with acid.
You resist.
You die...

.....##.............#
.............##.....
..................## #
.....#.............#..
...###........[.......
######......#.....#.
............#()$$.#
###.#.###..##($[..#
##### #####.†.@/#
#)...P# #.?P?)#
#######


You could see 2 oklob plants.

Vanquished Creatures
  Gastronok (D:9)
  Nessos (D:12)
  Snorg (D:10)
  2 two-headed ogres
  The ghost of XanderDroid the Thaumaturge, a novice GnWz (D:6)
  An unseen horror (D:12)
  A phantasmal warrior (D:13)
  Pikel (D:4)
  A deep elf mage (D:13)
  3 ugly things (D:11)
  2 oklob plants (Lair:2)
  4 cyclopes
  3 cane toads
  2 centaur zombies (D:12)
  A cane toad (shapeshifter) (D:13)
  A komodo dragon (Lair:1)
  A freezing wraith (D:12)
  2 trolls
  A tyrant leech (D:11)
  6 blink frogs
  2 slime creatures (D:13)
  7 hippogriffs
  Sigmund (D:4)
  A tarantella (shapeshifter) (D:13)
  21 yaks
  2 wraiths
  A wyvern (D:12)
  3 vampires
  A steam dragon (D:10)
  A basilisk (D:12)
  13 vampire mosquitoes
  Menkaure (D:6)
  Edmund (D:4)
  A soldier ant (D:13)
  3 wargs (D:11)
  3 water moccasins
  3 porcupines
  2 black bears
  6 ice beasts
  7 orc warriors
  2 phantoms
  An eye of draining (D:13)
  2 sky beasts
  7 ogres
  11 centaurs
  5 big kobolds
  15 bullfrogs
  10 scorpions
  8 wights (D:12)
  24 killer bees
  2 howler monkeys (D:7)
  A quasit (D:6)
  2 bullfrog skeletons (D:12)
  A bullfrog zombie (D:5)
  2 centaur skeletons (D:8)
  9 orc priests
  9 hounds
  2 jellies
  11 orc wizards
  4 iguanas
  11 worker ants
  A hound skeleton (D:10)
  A hound zombie (D:10)
  2 worker ant zombies
  A gnoll (D:2)
  9 adders
  3 shadow imps
  An ooze (D:1)
  An adder zombie (D:8)
  7 worms
  3 dart slugs
  3 leopard geckos
  50 orcs
  5 ball pythons
  5 giant cockroaches
  9 goblins
  8 hobgoblins
  8 jackals
  31 kobolds
  7 quokkas
  13 bats
  7 frilled lizards
  2 leopard gecko skeletons
  2 quokka skeletons
  8 rats
442 creatures vanquished.

Vanquished Creatures (others)
  22 fungi
  20 plants
42 creatures vanquished.

Grand Total: 484 creatures vanquished

Notes
Turn   | Place    | Note
-------+----------+-------------------------------------------
     0 | D:1      | Ozzies the Gargoyle Fighter began the quest for the Orb.
     0 | D:1      | Reached XP level 1. HP: 14/14 MP: 1/1
   217 | D:1      | Reached XP level 2. HP: 20/20 MP: 2/2
   225 | D:1      | Reached skill level 4 in Fighting
   445 | D:1      | You fall into a shaft and drop 1 floor!
   453 | D:2      | Reached XP level 3. HP: 22/24 MP: 3/3
   626 | D:1      | Reached skill level 5 in Fighting
  1159 | D:2      | Reached XP level 4. HP: 31/31 MP: 4/4
  1927 | D:3      | Reached skill level 6 in Fighting
  1927 | D:3      | Reached XP level 5. HP: 32/36 MP: 5/5
  2068 | D:3      | Found a faded altar of an unknown god.
  2169 | D:3      | Became a worshipper of Gozag Ym Sagoz the Greedy
  2545 | D:4      | Noticed Edmund
  2555 | D:4      | Killed Edmund
  2555 | D:4      | Reached skill level 7 in Fighting
  2555 | D:4      | Reached XP level 6. HP: 7/44 MP: 0/6
  2837 | D:4      | Noticed Sigmund
  2846 | D:4      | Killed Sigmund
  2846 | D:4      | Reached skill level 8 in Fighting
  2846 | D:4      | Reached XP level 7. HP: 28/49 MP: 4/7
  3035 | D:4      | Identified Sif Muna's Papyrus of Destructive Flight
  3047 | D:4      | Reached skill level 1 in Dodging
  3242 | D:4      | Noticed Pikel
  3258 | D:4      | Killed Pikel
  3258 | D:4      | Reached XP level 8. HP: 30/55 MP: 3/8
  3679 | D:5      | Entered Level 5 of the Dungeon
  3728 | D:5      | Reached skill level 5 in Armour
  3728 | D:5      | Reached skill level 5 in Shields
  3858 | D:5      | Found an iron altar of Okawaru.
  3987 | D:5      | Reached skill level 9 in Fighting
  4042 | D:5      | Found the +7 Singing Sword {vorpal, sonic wave}
  4077 | D:5      | Reached XP level 9. HP: 60/60 MP: 9/9
  4474 | D:5      | Fell from the grace of Gozag
  4474 | D:5      | Became a worshipper of Warmaster Okawaru
  4732 | D:6      | Noticed Menkaure
  4737 | D:6      | Killed Menkaure
  4837 | D:6      | Reached skill level 5 in Maces & Flails
  4900 | D:6      | Reached * piety under Okawaru
  5166 | D:6      | Found Emowk's Jewellery Emporium.
  5394 | D:6      | Found a runed translucent door.
  5398 | D:6      | Noticed XanderDroid's ghost (novice GnWz)
  5529 | D:6      | Found a shadowy altar of Dithmenos.
  5695 | D:6      | Found a shimmering blue altar of Sif Muna.
  5753 | D:6      | Killed XanderDroid's ghost
  5753 | D:6      | Reached skill level 10 in Fighting
  5850 | D:7      | Reached ** piety under Okawaru
  5856 | D:7      | Reached XP level 10. HP: 68/68 MP: 10/10
  5867 | D:7      | Reached skill level 11 in Fighting
  5869 | D:7      | Found a staircase to the Ecumenical Temple.
  6011 | D:7      | Noticed a two-headed ogre
  6017 | D:7      | Killed a two-headed ogre
  6017 | D:7      | Reached *** piety under Okawaru
  6231 | D:7      | Found Soddux's Magic Scroll Emporium.
  6602 | D:8      | Reached skill level 12 in Fighting
  6609 | D:8      | Was forgiven by Gozag
  7069 | D:7      | Reached skill level 1 in Long Blades
  7089 | D:8      | Reached skill level 1 in Invocations
  7385 | D:8      | Found an ornate altar of the Wu Jian Council.
  7387 | D:8      | Found a glowing silver altar of Zin.
  7408 | D:8      | Found an iron altar of Okawaru.
  7408 | D:8      | Found a blossoming altar of Fedhas.
  7486 | D:8      | Found a bloodstained altar of Trog.
  7673 | D:9      | Found a staircase to the Orcish Mines.
  7751 | D:9      | Noticed a two-headed ogre
  7757 | D:9      | Reached **** piety under Okawaru
  7758 | D:9      | Killed a two-headed ogre
  7758 | D:9      | Received a gift from Okawaru
  7758 | D:9      | Reached XP level 11. HP: 60/76 MP: 9/12
  7774 | D:9      | Noticed Gastronok
  7786 | D:9      | Killed Gastronok
  7786 | D:9      | Reached ***** piety under Okawaru
  8042 | D:9      | You fall into a shaft and drop 3 floors!
  8067 | D:12     | Received a gift from Okawaru
  8283 | D:11     | Noticed a purple ugly thing
  8292 | D:11     | Killed a purple ugly thing
  8395 | D:10     | Entered Level 10 of the Dungeon
  8490 | D:10     | Found a shimmering altar of Xom.
  8506 | D:10     | Found a shimmering altar of Xom.
  8506 | D:10     | Found a shimmering altar of Xom.
  8508 | D:10     | Found a shimmering altar of Xom.
  9123 | D:10     | Noticed Snorg
  9133 | D:10     | Killed Snorg
  9133 | D:10     | Reached skill level 5 in Invocations
  9329 | D:10     | Received a gift from Okawaru
  9340 | D:10     | Reached skill level 13 in Fighting
  9583 | D:10     | Got a fine hand axe
  9583 | D:10     | Identified the +11 hand axe "Soplir" {drain, Stlth+} (You
                  | found it on level 10 of the Dungeon)
  9649 | D:11     | Noticed a cyclops
  9651 | D:11     | Reached XP level 12. HP: 75/84 MP: 16/16
 10277 | D:11     | Found a portal to a secret trove of treasure.
 10524 | D:11     | Found a staircase to the Lair.
 10762 | D:11     | Found the +12 Vampire's Tooth {vamp}
 10835 | D:12     | Reached ****** piety under Okawaru
 11366 | D:12     | Noticed Nessos
 11379 | D:12     | Killed Nessos
 11488 | D:12     | Received a gift from Okawaru
 11494 | D:12     | Got a pair of scorched gloves {god gift}
 11505 | D:12     | Identified the +2 pair of gloves of Depression {Harm Int+6}
                  | (Okawaru gifted it to you on level 12 of the Dungeon)
 11847 | D:13     | Reached skill level 5 in Dodging
 11888 | D:13     | Reached skill level 14 in Fighting
 11888 | D:13     | Reached XP level 13. HP: 22/90 MP: 10/19
 12242 | D:7      | Bought a scroll of magic mapping for 42 gold pieces
 12499 | D:13     | Found a gate to the Vaults.
 12541 | D:13     | Found Reyrugus's Assorted Antiques.
 12551 | D:13     | Found a sacrificial altar of Ru.
 12578 | D:13     | Found Zashett's Book Boutique.
 12642 | D:13     | Found a flickering gateway to a bazaar.
 12648 | Bazaar   | Entered a bazaar
 12648 | Bazaar   | Found Cixiq's Magic Scroll Shoppe.
 12683 | Bazaar   | Found Ykhliolof's Jewellery Shoppe.
 12700 | Bazaar   | Found Kumnez's Antique Armour Shoppe.
 12715 | Bazaar   | Bought an encrusted hat for 216 gold pieces
 12725 | Bazaar   | Identified the cursed +0 hat of Vlad {Rampage rCorr} (You
                  | bought it in a shop in a bazaar)
 12751 | Bazaar   | Bought a scroll of brand weapon for 180 gold pieces
 12751 | Bazaar   | Bought a scroll of brand weapon for 180 gold pieces
 13435 | Lair:1   | Entered Level 1 of the Lair of Beasts
 13781 | Lair:1   | Found a blossoming altar of Fedhas.
 14625 | Lair:2   | Received a gift from Okawaru
 14626 | Lair:2   | HP: 4/91 [oklob plant/splash of acid (4)]
 14626 | Lair:2   | Splashed by an oklob plant's acid

Illustrated notes

Levels and vault maps discovered:
D:1:      tarquinn_simple_flora_water_c, layout_loops_ring, serial_bayou_pond_c,
          hangedman_glass_teeth
D:2:      layout_basic, minivault_26, minmay_joined_circles
D:3:      minmay_wonky_spiral, layout_loops_ring,
          chequers_ecumenical_altar_simple_redux,
          hangedman_abyss_or_decor_lesser_grid
D:4:      layout_rooms, uniq_pikel, uniq_sigmund, uniq_edmund
D:5:      old_forge, layout_loops_ring, okawaru_ov_weapons_minmay
D:6:      layout_loops_corners, led_sif_pool, serial_shops, shop_statue,
          ebering_ghost_sewer_d, grunt_dithmenos_shadows, uniq_menkaure
D:7:      layout_basic, minmay_temple_entry_junction_2, serial_shops, shop
D:8:      layout_rooms, nicolae_overflow_hidden_temple, minmay_diced_spiral
D:9:      layout_rooms, orc_0_dummy, grunt_ministairs_8, minivault_23,
          uniq_gastronok
D:10:     layout_basic, xom_redecorated, uniq_snorg
D:11:     layout_roguey, erik_lair_orcish_takeover, nicolae_trove_entry_crystal,
          minmay_guarded_unrand_vampires_tooth
D:12:     layout_basic, serial_bayou_pond_c, kennysheep_generic_room_6,
          uniq_nessos
D:13:     layout_long_grid, david_vaults_4, serial_shops, bzr_entry_safe,
          shop_statue, nicolae_shop_behind_doors,
          nicolae_ru_sacrificial_ziggurat
Lair:1:   layout_roguey, basic_altar, serial_bayou_shore_b, grunt_megastairs_3
Lair:2:   layout_regular_city, minivault_24, minmay_lair_oklob_chamber,
          lemuel_fruit_tree

Skill      XL: |  1  2  3  4  5  6  7  8  9 10 11 12 13 |
---------------+----------------------------------------+-----
Fighting       | 4 5 6 7 8 9 10 12 13 14 | 14.6
Dodging        | 2 3 4 5 |  5.0
Armour         | 4 5 6 8 9 |  9.7
Shields        | 4 5 6 8 9 |  9.8
Maces & Flails | 3 4 7 8 9 |  9.3
Long Blades    | 3 |  3.0
Invocations    | 2 5 8 9 |  9.3

Action                   |  1- 3 |  4- 6 |  7- 9 | 10-12 | 13-15 || total
-------------------------+-------+-------+-------+-------+-------++-------
Melee: Flail             |   104 |   114 |   125 |       |       ||   343
       Double sword      |       |       |    67 |   362 |   127 ||   556
  Use: Scroll            |       |     5 |     1 |       |    11 ||    17
 Stab: Distracted        |       |       |     1 |       |       ||     1
Armor: Scale mail        |    67 |    55 |   142 |    11 |       ||   275
       Plate armour      |       |       |       |   372 |   116 ||   488
Dodge: Dodged            |    33 |    35 |    78 |   183 |    36 ||   365
Block: Kite shield       |    45 |    45 |   128 |   289 |    93 ||   600
       Rpst.: Double sword |       |       |     8 |    49 |    13 ||    70

Table legend: (Time is in decaauts)
 A = Elapsed time spent in this place.
 B = Non-inter-level travel time spent in this place.
 C = Inter-level travel time spent in this place.
 D = Time resting spent in this place.
 E = Time spent auto-exploring this place.
 F = Levels seen in this place.
 G = Mean time per level.
                   A        B        C        D        E       F      G
               +--------+--------+--------+--------+--------+-----+--------+
         Total |  15030 |  13640 |   1390 |   1893 |   9297 |  16 |  939.4 |
       Dungeon |  13688 |  12355 |   1333 |   1749 |   8382 |  13 | 1052.9 |
          Lair |   1218 |   1161 |     57 |    144 |    854 |   2 |  609.0 |
        Bazaar |    123 |    123 |      0 |      0 |     61 |   1 |  123.0 |
               +--------+--------+--------+--------+--------+-----+--------+

Top non-repeatable levels by time:
    D:12: 1796 daAuts
    D:10: 1436 daAuts
    D:11: 1258 daAuts
     D:6: 1255 daAuts
     D:7: 1249 daAuts
     D:3: 1026 daAuts
  Lair:1: 997 daAuts
     D:5: 955 daAuts
     D:1: 932 daAuts
     D:4: 909 daAuts
     D:2: 908 daAuts
     D:8: 678 daAuts
    D:13: 662 daAuts
     D:9: 617 daAuts
  Lair:2: 220 daAuts
